NWL
CHICAGO A (SS-A) WHITE SOX @ TRI-CITY DUST DEVILS
10/07/2080
 
TOP OF THE 1ST
Chicago A (SS-A) White Sox batting - Pitching for Tri-City Dust Devils : LHP Willie Ochoa
Pitching: LHP Willie Ochoa
Batting: RHB Chris Cooley 0-0: Swinging Strike
0-1: Ball
1-1: Ball
2-1: Foul Ball, location: 2F
2-2: Fly out, F9 (Flyball, 9, EV 97.5 MPH)
Batting: RHB Jason King 0-0: Swinging Strike
0-1: Foul Ball, location: 2F
0-2: Foul Ball, location: 2F
0-2: Strikes out swinging
Batting: SHB Victor Jimenez 0-0: Ball
1-0: Foul Ball, location: 2F
1-1: Fly out, F6 (Line Drive, 6D, EV 66.2 MPH)
Top of the 1st over - 0 runs, 0 hits, 0 errors, 0 left on base; Chicago A (SS-A) 0 - Tri-City 0
BOTTOM OF THE 1ST
Tri-City Dust Devils batting - Pitching for Chicago A (SS-A) White Sox : RHP Shawn Amick
Pitching: RHP Shawn Amick
Batting: RHB Bill Anderson 0-0: Swinging Strike
0-1: Ball
1-1: Hit by Pitch
Batting: RHB Joe Coite 0-0: Ball
1-0: Called Strike
1-1: Foul Ball, location: 2F
1-2: Ball
2-2: Foul Ball, location: 2F
2-2: Fly out, F9 (Line Drive, 9, EV 91.2 MPH)
Batting: SHB David Perez 0-0: Foul Ball, location: 2F
0-1: Called Strike
0-2: Foul Ball, location: 2F
0-2: Ball
1-2: Ball
2-2: Fly out, F9 (Flyball, 89S, EV 88.8 MPH)
Batting: RHB Glenn Boshers 0-0: Called Strike
0-1: Ball
1-1: Fly out, F8 (Flyball, 8LD, EV 80.6 MPH)
Bottom of the 1st over - 0 runs, 0 hits, 0 errors, 1 left on base; Chicago A (SS-A) 0 - Tri-City 0
TOP OF THE 2ND
Chicago A (SS-A) White Sox batting - Pitching for Tri-City Dust Devils : LHP Willie Ochoa
Batting: SHB Nasson Vogel 0-0: Called Strike
0-1: Swinging Strike
0-2: Foul Ball, location: 2F
0-2: Strikes out swinging
Batting: LHB Andy Bowers 0-0: Ball
1-0: Foul Ball, location: 2F
1-1: Swinging Strike
1-2: Strikes out swinging
Batting: RHB Chase Norris 0-0: Called Strike
0-1: Ball
1-1: Ball
2-1: Foul Ball, location: 2F
2-2: Foul Ball, location: 2F
2-2: Ball
3-2: Foul Ball, location: 2F
3-2: Strikes out swinging
Top of the 2nd over - 0 runs, 0 hits, 0 errors, 0 left on base; Chicago A (SS-A) 0 - Tri-City 0
BOTTOM OF THE 2ND
Tri-City Dust Devils batting - Pitching for Chicago A (SS-A) White Sox : RHP Shawn Amick
Batting: RHB Ian Goldsmith 0-0: Ball
1-0: Ground out U3 (Groundball, 34, EV 105.6 MPH)
Batting: LHB Rodrigo Breaut 0-0: Called Strike
0-1: Ball
1-1: Fly out, F5 (Popup, 56S, EV 76.2 MPH)
Batting: RHB Sergio Farias 0-0: Swinging Strike
0-1: Foul Ball, location: 2F
0-2: Foul Ball, location: 2F
0-2: DOUBLE (Groundball, 5L, EV 105.0 MPH)
Batting: LHB Daniel Ascencio 0-0: Ball
1-0: Called Strike
1-1: Fly out, F7 (Flyball, 7, EV 83.1 MPH)
Bottom of the 2nd over - 0 runs, 1 hit, 0 errors, 1 left on base; Chicago A (SS-A) 0 - Tri-City 0
TOP OF THE 3RD
Chicago A (SS-A) White Sox batting - Pitching for Tri-City Dust Devils : LHP Willie Ochoa
Batting: LHB James Michael 0-0: Ball
1-0: Foul Ball, location: 2F
1-1: Foul Ball, location: 2F
1-2: Strikes out swinging
Batting: RHB Manny Robles 0-0: Ball
1-0: Ball
2-0: Ball
3-0: Called Strike
3-1: Ground out 6-3 (Groundball, 6, EV 85.6 MPH)
Batting: RHB Roy Kincaid 0-0: Swinging Strike
0-1: Ball
1-1: Ball
2-1: Foul Ball, location: 2F
2-2: Foul Ball, location: 2F
2-2: Strikes out looking
Top of the 3rd over - 0 runs, 0 hits, 0 errors, 0 left on base; Chicago A (SS-A) 0 - Tri-City 0
BOTTOM OF THE 3RD
Tri-City Dust Devils batting - Pitching for Chicago A (SS-A) White Sox : RHP Shawn Amick
Batting: RHB Craig Sturza 0-0: Ground out 5-3 (Groundball, 56, EV 77.5 MPH)
Batting: RHB Bill Anderson 0-0: Called Strike
0-1: SOLO HOME RUN (Flyball, 9LD, EV 93.1 MPH), Distance : 339 ft
Batting: RHB Joe Coite 0-0: Foul Ball, location: 2F
0-1: Ground out 6-3 (Groundball, 6, EV 91.9 MPH)
Batting: SHB David Perez 0-0: Called Strike
0-1: Foul Ball, location: 2F
0-2: Ball
1-2: Ball
2-2: DOUBLE (Line Drive, 89XD, EV 110.6 MPH)
Batting: RHB Glenn Boshers 0-0: Swinging Strike
0-1: Called Strike
0-2: Foul Ball, location: 2F
0-2: Ball
1-2: Strikes out swinging
Bottom of the 3rd over - 1 run, 2 hits, 0 errors, 1 left on base; Chicago A (SS-A) 0 - Tri-City 1
TOP OF THE 4TH
Chicago A (SS-A) White Sox batting - Pitching for Tri-City Dust Devils : LHP Willie Ochoa
Batting: RHB Chris Cooley 0-0: Foul Ball, location: 2F
0-1: Swinging Strike
0-2: Ball
1-2: Strikes out swinging
Batting: RHB Jason King 0-0: Ground out 6-3 (Groundball, 6, EV 79.4 MPH)
Batting: SHB Victor Jimenez 0-0: Swinging Strike
0-1: Ball
1-1: Swinging Strike
1-2: Foul Ball, location: 2F
1-2: Strikes out swinging
Top of the 4th over - 0 runs, 0 hits, 0 errors, 0 left on base; Chicago A (SS-A) 0 - Tri-City 1
BOTTOM OF THE 4TH
Tri-City Dust Devils batting - Pitching for Chicago A (SS-A) White Sox : RHP Shawn Amick
Batting: RHB Ian Goldsmith 0-0: Ball
1-0: Ball
2-0: Foul Ball, location: 2F
2-1: Ball
3-1: Foul Ball, location: 2F
3-2: Fly out, F8 (Flyball, 8LXD, EV 83.1 MPH)
Batting: LHB Rodrigo Breaut 0-0: Ball
1-0: Ball
2-0: Ball
3-0: Called Strike
3-1: Base on Balls
Batting: RHB Sergio Farias 0-0: Ground out 6-3 (Groundball, 6MS, EV 65.6 MPH)
Rodrigo Breaut to second
Batting: LHB Daniel Ascencio 0-0: Fly out, F8 (Line Drive, 89M, EV 106.9 MPH)
Bottom of the 4th over - 0 runs, 0 hits, 0 errors, 1 left on base; Chicago A (SS-A) 0 - Tri-City 1
TOP OF THE 5TH
Chicago A (SS-A) White Sox batting - Pitching for Tri-City Dust Devils : LHP Willie Ochoa
Batting: SHB Nasson Vogel 0-0: Ball
1-0: Swinging Strike
1-1: Called Strike
1-2: Strikes out swinging
Batting: LHB Andy Bowers 0-0: Ball
1-0: Ball
2-0: DOUBLE (Flyball, 8RXD, EV 113.8 MPH)
Batting: RHB Chase Norris 0-0: Called Strike
0-1: Ground out 6-3 (Groundball, 6, EV 91.9 MPH)
Batting: LHB James Michael 0-0: Ball
Passed Ball!
Andy Bowers to third
1-0: Foul Ball, location: 2F
1-1: Ball
2-1: Foul Ball, location: 2F
2-2: Ball
Wild Pitch!
Andy Bowers scores
3-2: Strikes out swinging
Top of the 5th over - 1 run, 1 hit, 0 errors, 0 left on base; Chicago A (SS-A) 1 - Tri-City 1
BOTTOM OF THE 5TH
Tri-City Dust Devils batting - Pitching for Chicago A (SS-A) White Sox : RHP Shawn Amick
Batting: RHB Craig Sturza 0-0: Ball
1-0: SINGLE (Flyball, 8LS, EV 98.8 MPH)
Batting: RHB Bill Anderson 0-0: Ball
1-0: Bunt missed!
1-1: Bunt missed!
1-2: Foul Ball, location: 2F
1-2: Strikes out looking
Batting: RHB Joe Coite 0-0: Swinging Strike
0-1: Ball
1-1: Fielders Choice at 2nd, 6-4 (Groundball, 6, EV 86.9 MPH)
Batting: SHB David Perez 0-0: Called Strike
0-1: Ground out 4-3 (Groundball, 4, EV 108.8 MPH)
Bottom of the 5th over - 0 runs, 1 hit, 0 errors, 1 left on base; Chicago A (SS-A) 1 - Tri-City 1
TOP OF THE 6TH
Chicago A (SS-A) White Sox batting - Pitching for Tri-City Dust Devils : LHP Willie Ochoa
Batting: RHB Manny Robles 0-0: Called Strike
0-1: Fly out, F7 (Flyball, 7D, EV 91.2 MPH)
Batting: RHB Roy Kincaid 0-0: Called Strike
0-1: Called Strike
0-2: DOUBLE (Flyball, 78XD, EV 112.5 MPH)
Batting: RHB Chris Cooley 0-0: Swinging Strike
0-1: Ball
1-1: Ball
2-1: Foul Ball, location: 2F
2-2: Strikes out swinging
Batting: RHB Jason King 0-0: Called Strike
0-1: Swinging Strike
0-2: Ball
1-2: Ball
2-2: Foul Ball, location: 2F
2-2: Foul Ball, location: 2F
2-2: Ball
3-2: Base on Balls
Batting: SHB Victor Jimenez 0-0: Called Strike
0-1: Ball
1-1: Foul Ball, location: 2F
1-2: Strikes out swinging
Top of the 6th over - 0 runs, 1 hit, 0 errors, 2 left on base; Chicago A (SS-A) 1 - Tri-City 1
BOTTOM OF THE 6TH
Tri-City Dust Devils batting - Pitching for Chicago A (SS-A) White Sox : RHP Shawn Amick
Batting: RHB Glenn Boshers 0-0: Ball
1-0: Foul Ball, location: 2F
1-1: Ball
2-1: Swinging Strike
2-2: Ball
3-2: Strikes out swinging
Batting: RHB Ian Goldsmith 0-0: Swinging Strike
0-1: Ball
1-1: Foul Ball, location: 2F
1-2: Ball
2-2: Strikes out swinging
Batting: LHB Rodrigo Breaut 0-0: Fly out, F7 (Flyball, 78S, EV 75.6 MPH)
Bottom of the 6th over - 0 runs, 0 hits, 0 errors, 0 left on base; Chicago A (SS-A) 1 - Tri-City 1
TOP OF THE 7TH
Chicago A (SS-A) White Sox batting - Pitching for Tri-City Dust Devils : LHP Willie Ochoa
Batting: SHB Nasson Vogel 0-0: Ball
1-0: Called Strike
1-1: Swinging Strike
1-2: Foul Ball, location: 2F
1-2: Ball
2-2: Strikes out looking
Batting: LHB Andy Bowers 0-0: Called Strike
0-1: Foul Ball, location: 2F
0-2: Ball
1-2: Strikes out swinging
Batting: RHB Chase Norris 0-0: Called Strike
0-1: Swinging Strike
0-2: Ball
1-2: Ball
2-2: Strikes out swinging
Top of the 7th over - 0 runs, 0 hits, 0 errors, 0 left on base; Chicago A (SS-A) 1 - Tri-City 1
BOTTOM OF THE 7TH
Tri-City Dust Devils batting - Pitching for Chicago A (SS-A) White Sox : RHP Shawn Amick
Batting: RHB Sergio Farias 0-0: Ball
1-0: Ball
2-0: Foul Ball, location: 2F
2-1: Called Strike
2-2: Strikes out looking
Batting: LHB Daniel Ascencio 0-0: Swinging Strike
0-1: Ball
1-1: Foul Ball, location: 2F
1-2: Strikes out swinging
Batting: RHB Craig Sturza 0-0: Ball
1-0: Ball
2-0: Ball
3-0: Called Strike
3-1: Base on Balls
Batting: RHB Bill Anderson 0-0: Ball
1-0: Called Strike
1-1: Ball
2-1: Swinging Strike
2-2: Strikes out looking
Bottom of the 7th over - 0 runs, 0 hits, 0 errors, 1 left on base; Chicago A (SS-A) 1 - Tri-City 1
TOP OF THE 8TH
Chicago A (SS-A) White Sox batting - Pitching for Tri-City Dust Devils : LHP Willie Ochoa
Pitching: RHP Efrain Valdez
Batting: LHB James Michael 0-0: Ball
1-0: Foul Ball, location: 2F
1-1: Foul Ball, location: 2F
1-2: Ball
2-2: Ball
3-2: Strikes out swinging
Pinch Hitting: LHB Manny Perez 0-0: Called Strike
0-1: Foul Ball, location: 2F
0-2: Ball
1-2: Strikes out swinging, 2-3 out at first.
Batting: RHB Roy Kincaid 0-0: Ball
1-0: Called Strike
1-1: Ball
2-1: Ball
3-1: Called Strike
3-2: Foul Ball, location: 2F
3-2: Ground out 6-3 (Groundball, 56, EV 88.1 MPH)
Top of the 8th over - 0 runs, 0 hits, 0 errors, 0 left on base; Chicago A (SS-A) 1 - Tri-City 1
BOTTOM OF THE 8TH
Tri-City Dust Devils batting - Pitching for Chicago A (SS-A) White Sox : RHP Shawn Amick
Now in RF: Bruce Schuh
Batting: RHB Joe Coite 0-0: Ball
1-0: SINGLE (Groundball, 34D, EV 103.1 MPH)
Batting: SHB David Perez 0-0: Foul Ball, location: 2F
0-1: Ball
1-1: Ball
2-1: Swinging Strike
2-2: Strikes out swinging
Batting: RHB Glenn Boshers Pickoff Throw to First - Out! 1-3 CS
0-0: Ball
1-0: Swinging Strike
1-1: Foul Ball, location: 2F
1-2: Foul Ball, location: 2F
1-2: Foul Ball, location: 2F
1-2: Ground out U3 (Groundball, 34S, EV 79.4 MPH)
Bottom of the 8th over - 0 runs, 1 hit, 0 errors, 0 left on base; Chicago A (SS-A) 1 - Tri-City 1
TOP OF THE 9TH
Chicago A (SS-A) White Sox batting - Pitching for Tri-City Dust Devils : RHP Efrain Valdez
Pitching: RHP Branden Christopher
Batting: RHB Chris Cooley 0-0: Ball
1-0: Swinging Strike
1-1: Foul Ball, location: 2F
1-2: Strikes out swinging, 2-3 out at first.
Batting: RHB Jason King 0-0: Called Strike
0-1: Ground out 4-3 (Groundball, 4, EV 79.4 MPH)
Batting: SHB Victor Jimenez 0-0: Called Strike
0-1: Ball
1-1: Fly out, F9 (Flyball, 9LS, EV 86.9 MPH)
Top of the 9th over - 0 runs, 0 hits, 0 errors, 0 left on base; Chicago A (SS-A) 1 - Tri-City 1
BOTTOM OF THE 9TH
Tri-City Dust Devils batting - Pitching for Chicago A (SS-A) White Sox : RHP Shawn Amick
Batting: RHB Ian Goldsmith 0-0: Fly out, F8 (Line Drive, 8LM, EV 93.8 MPH)
Batting: LHB Rodrigo Breaut 0-0: Ball
1-0: SINGLE (Line Drive, 78S, EV 93.8 MPH)
Batting: RHB Sergio Farias 0-0: Swinging Strike
0-1: Foul Ball, location: 2F
0-2: Strikes out looking
Batting: LHB Daniel Ascencio 0-0: Called Strike
Rodrigo Breaut steals 2nd base
0-1: Ground out 4-3 (Groundball, 4, EV 94.4 MPH)
Bottom of the 9th over - 0 runs, 1 hit, 0 errors, 1 left on base; Chicago A (SS-A) 1 - Tri-City 1
TOP OF THE 10TH
Chicago A (SS-A) White Sox batting - Pitching for Tri-City Dust Devils : RHP Branden Christopher
Batting: SHB Nasson Vogel 0-0: Called Strike
0-1: Called Strike
0-2: Ball
1-2: Ball
2-2: SINGLE (Line Drive, 5D, EV 103.1 MPH)
Batting: LHB Andy Bowers 0-0: Ball
1-0: Ball
2-0: Ball
3-0: Called Strike
3-1: Foul Ball, location: 2F
3-2: Strikes out looking
Batting: RHB Chase Norris 0-0: Called Strike
0-1: Ball
1-1: Called Strike
1-2: Ball
2-2: Strikes out swinging
Batting: LHB James Michael 0-0: Called Strike
Nasson Vogel steals 2nd base
0-1: Called Strike
0-2: Ball
1-2: Ball
2-2: Ball
3-2: Intentional Walk
Pinch Hitting: LHB Chris Duggan 0-0: Ball
1-0: Foul Ball, location: 2F
1-1: Called Strike
1-2: Foul Ball, location: 2F
1-2: Ball
Wild Pitch!
Nasson Vogel to third
James Michael to second
2-2: Strikes out swinging
Top of the 10th over - 0 runs, 1 hit, 0 errors, 2 left on base; Chicago A (SS-A) 1 - Tri-City 1
BOTTOM OF THE 10TH
Tri-City Dust Devils batting - Pitching for Chicago A (SS-A) White Sox : RHP Shawn Amick
Now in RF: Chris Duggan
Pinch Hitting: LHB Jon Hatch 0-0: Swinging Strike
0-1: Called Strike
0-2: Ball
1-2: Foul Ball, location: 2F
1-2: Foul Ball, location: 2F
1-2: Ball
2-2: Foul Ball, location: 2F
2-2: Foul Ball, location: 2F
2-2: Ball
3-2: Foul Ball, location: 2F
3-2: Ground out 6-3 (Groundball, 6S, EV 81.9 MPH)
Batting: RHB Bill Anderson 0-0: Ball
1-0: Foul Ball, location: 2F
1-1: Ball
2-1: Ball
3-1: Fly out, F8 (Flyball, 8RD, EV 98.1 MPH)
Batting: RHB Joe Coite 0-0: SINGLE (Groundball, 6D, EV 97.5 MPH)
Pitching: RHP Omar Aguilar
Batting: SHB David Perez 0-0: Ball
1-0: Called Strike
1-1: Foul Ball, location: 2F
1-2: Foul Ball, location: 2F
1-2: Strikes out looking
Bottom of the 10th over - 0 runs, 1 hit, 0 errors, 1 left on base; Chicago A (SS-A) 1 - Tri-City 1
TOP OF THE 11TH
Chicago A (SS-A) White Sox batting - Pitching for Tri-City Dust Devils : RHP Branden Christopher
Now at SS: Bjorn Näsbom
Batting: RHB Roy Kincaid 0-0: Reached on error, E4 (Groundball, 34, EV 105.0 MPH)
Batting: RHB Chris Cooley 0-0: Ball
1-0: Bunted foul
1-1: Bunt missed!
1-2: Ball
2-2: Ball
3-2: DOUBLE (Line Drive, 89D, EV 103.8 MPH)
Roy Kincaid to third
Batting: RHB Jason King 0-0: Ball
1-0: Foul Ball, location: 2F
1-1: Called Strike
1-2: Ball
2-2: Ball
3-2: Base on Balls
Batting: SHB Victor Jimenez 0-0: Foul Ball, location: 2F
0-1: Ball
1-1: Ball
2-1: Called Strike
2-2: Strikes out swinging
Batting: SHB Nasson Vogel 0-0: Fly out, F5 (Popup, 56S, EV 72.5 MPH)
Batting: LHB Andy Bowers 0-0: Called Strike
0-1: Ball
1-1: Foul Ball, location: 2F
1-2: Foul Ball, location: 2F
1-2: SINGLE (Groundball, 34D, EV 111.2 MPH)
Roy Kincaid scores
Chris Cooley to third
Jason King to second
Runner from 3rd tries for Home, SAFE, throw by RF to home
Batting: RHB Chase Norris 0-0: Foul Ball, location: 2F
0-1: Ground out 5-3 (Groundball, 5S, EV 67.5 MPH)
Top of the 11th over - 2 runs, 2 hits, 1 error, 2 left on base; Chicago A (SS-A) 3 - Tri-City 1
BOTTOM OF THE 11TH
Tri-City Dust Devils batting - Pitching for Chicago A (SS-A) White Sox : RHP Omar Aguilar
Batting: RHB Glenn Boshers 0-0: Ball
1-0: Called Strike
1-1: Foul Ball, location: 2F
1-2: Strikes out swinging
Batting: RHB Ian Goldsmith 0-0: Ball
1-0: Foul Ball, location: 2F
1-1: Foul Ball, location: 2F
1-2: Foul Ball, location: 2F
1-2: Ball
2-2: Ball
3-2: Ground out 6-3 (Groundball, 6, EV 83.8 MPH)
Batting: LHB Rodrigo Breaut 0-0: Ball
1-0: Fly out, F7 (Flyball, 78D, EV 83.8 MPH)
Bottom of the 11th over - 0 runs, 0 hits, 0 errors, 0 left on base; Chicago A (SS-A) 3 - Tri-City 1
Monday, August 1st , 2022 - OOTP Baseball 23.5 Build 73